[Event "*** Titled Tuesday Blitz"]
[Site "Chess.com"]
[Date "2019.06.04"]
[Round "4"]
[White "yuki_chess123"]
[Black "BvsN"]
[Result "1-0"]
[WhiteElo "2172"]
[BlackElo "2281"]
[TimeControl "180+2"]
[EndTime "13:53:15 PDT"]
[Termination "yuki_chess123 won by resignation"]

1. e4 c5 2. Nf3 e6 3. d3 Nc6 4.
g3 d5 5. Nbd2 Nf6 6. Bg2 g6 7.
O-O Bg7 8. Re1 O-O 9. Qe2 a5 10. Nf1 a4 11. a3 e5 12. Bg5 h6 13. Bxf6 Bxf6 14. Ne3 d4 15. Nd5 Bg7 16. c4 Be6 17. Rab1 Rb8 18. Qc2 Qa5 19. b4 axb3 20. Rxb3 Qd8 21.
Rb5 Qd6 22. Reb1 Nd8 23. Rb6 Qd7 24. R1b5 Bxd5 25. cxd5 Ra8 26. Qb3 Rc8 27. Nd2 Kh7 28. Nc4 f6 29. h4 Nf7 30. Rxb7 Rc7 31. Rxc7 Qxc7 32. Rb7 Qd8 33. Qb6 Qa8 34. Qa7 Qe8 35. Bh3 f5 36. Re7 Qb8 37. Qxb8 Rxb8 38. Rxf7 Rb1+ 39.
Kg2 fxe4 40. dxe4 d3 41. h5 Rc1 42. Ne3 d2 43. Bg4 gxh5 44. Bxh5 c4 45. d6 c3 46. d7 c2 47. Nxc2 d1=Q 48. Bxd1 Rxd1 49. Ne3 Rd3 50.
Nd5 Kg6 51. Rxg7+ Kxg7 52. d8=Q h5 53. Qf6+ Kh7 54. Qf5+ Kg8 55. Qxe5 h4 56. gxh4 Kh7 57. Qe7+ Kh8 58. h5 Rd1 59. h6 1-0

[Event "*** Titled Tuesday Blitz"]
[Site "Chess.com"]
[Date "2019.06.04"]
[Round "4"]
[White "Poghosyan_Suren"]
[Black "platy3"]
[Result "0-1"]
[WhiteElo "2563"]
[BlackElo "2815"]
[TimeControl "180+2"]
[EndTime "13:53:21 PDT"]
[Termination "platy3 won on time"]

1. Nf3 d5 2. c4 d4 3. e3 c5 4. b4 Nc6 5. b5 Nb8 6. exd4 cxd4 7. Bb2 Bg4 8. h3 Bxf3 9. Qxf3 Qd7 10. d3 e5 11. Nd2 Nf6 12. Qg3 Qf5 13. Be2 Bb4 14.
Rd1 O-O 15. O-O Bxd2 16. Rxd2 Nbd7 17. f4 e4 18. Bxd4 g6 19. Bg4 Nxg4 20. hxg4 Qe6 21. f5 Qe7 22. Qe3 Rfe8 23. f6 Qf8 24. dxe4 Ne5 25.
Bxe5 Rxe5 26. Rd5 Re6 27. e5 Rae8 28. Rfd1 b6 29. c5 bxc5 30. Qxc5 Qh6 31. Rd8 Qf4 32.
Rxe8+ Rxe8 33. Qd4 Qg3 34. a4 h6 35. Rd3 Qe1+ 36. Kh2 Qh4+ 37. Rh3 Qg5 38. a5 Rxe5 39. b6 axb6 40. axb6 Rb5 41. Rf3 Qh4+ 42. Rh3 Qg5 43.
Rf3 Rb1 44. Qd8+ Kh7 45. Qc7 Qh4+ 46. Rh3 Qxf6 47. b7 Qf2 48. b8=Q Qg1+ 49. Kg3 Qe3+ 50.
Kh4 Qf2+ 51. Qg3 Qc5 52. g5 Rxb8 53. Kg4 Rb4+ 54. Kf3 Rb3+ 0-1

[Event "*** Titled Tuesday Blitz"]
[Site "Chess.com"]
[Date "2019.06.04"]
[Round "4"]
[White "GMsKoRPioN"]
[Black "Mikhail_Golubev"]
[Result "1-0"]
[WhiteElo "2555"]
[BlackElo "2475"]
[TimeControl "180+2"]
[EndTime "13:53:28 PDT"]
[Termination "GMsKoRPioN won on time"]

1. d4 Nf6 2. c4 g6 3. Nc3 Bg7 4. e4 d6 5. f3 O-O 6. Be3 a6 7.
Qd2 Nbd7 8. Nge2 b5 9. cxb5 axb5 10. Nxb5 c6 11. Nbc3 e5 12. d5 cxd5 13. Nxd5 Nxd5 14. Qxd5 Rb8 15. b3 Nf6 16. Qd2 d5 17. Ng3 Bb7 18. Bd3 dxe4 19. Bxe4 Nxe4 20. Qxd8 Rbxd8 21. fxe4 f5 22.
Bc5 Rf7 23. O-O f4 24. Nh1 Bxe4 25. Rad1 Rc8 26. b4 Bc6 27. Rfe1 e4 28. Nf2 e3 29.
Ng4 h5 30. Nxe3 fxe3 31. Rxe3 Ra8 32. a3 Bb5 33. h4 Bf8 34. Rd5 Bc6 35. Rg5 Kh7 36. Re6 Bxc5+ 37. bxc5 Be8 38. Rgxg6 Rf1+ 39. Kxf1 Bxg6 40. Re3 Be8 41. Kf2 Bc6 42. Re6 Rf8+ 43. Kg1 Ba8 44. c6 Rc8 45. Re7+ Kg6 46. c7 Kf6 47.
Rh7 Ke6 48. Rxh5 Rxc7 49. Ra5 Bd5 50. g4 Rc4 51. Ra6+ Ke5 52. Rg6 Rc1+ 53. Kf2 Kf4 54. Ke2 Be4 55. Rf6+ Kxg4 56. Ke3 Bh7 57. Rh6 Bf5 58.
a4 Rc3+ 59. Kd4 Ra3 60. Ra6 Kxh4 61. a5 Bg4 62. Ra7 Kg3 63. Kc4 Bf3 64. Kb4 1-0

[Event "*** Titled Tuesday Blitz"]
[Site "Chess.com"]
[Date "2019.06.04"]
[Round "4"]
[White "gena217"]
[Black "Tacticalon"]
[Result "0-1"]
[WhiteElo "2902"]
[BlackElo "2710"]
[TimeControl "180+2"]
[EndTime "13:53:34 PDT"]
[Termination "Tacticalon won by resignation"]

1. e4 c6 2. d4 d5 3. e5 Bf5 4. h4 h6 5. g4 Bd7 6. Nc3 Qc8 7. Be2 e6 8. Be3 c5 9. Nf3 cxd4 10. Nxd4 Nc6 11. f4 Nxd4 12. Qxd4 h5 13. f5 Ne7 14. fxe6 fxe6 15. O-O-O Nc6 16. Qf4 Qc7 17. Nb5 Qa5 18. Kb1 O-O-O 19. c4 Be7 20. cxd5 exd5 21. Rxd5 Rhf8 22. Qg3 Bf5+ 23. gxf5 Rxd5 24.
Nd6+ Bxd6 25. exd6 Rdxf5 26. Qxg7 R5f7 27. Qg5 Rf5 28. Qg7 R5f7 29. Qg3 Qf5+ 30. Ka1 Qc2 31. Re1 Rf5 32.
Bd1 Qd3 33. Be2 Qd5 34. a3 Qe5 35. Qg1 Qxd6 36. Rc1 Qe5 37. Bc5 Qxe2 38. Bxf8 Rxf8 39. Qg7 Qe8 40. Qh7 Rf2 41. Qg7 Re2 42. Qg3 Qe5 43. Qb3 Kc7 44. Qf7+ Kb6 45. Qb3+ Qb5 46. Qc3 Na5 47. Qd4+ Ka6 48. Qd6+ Qb6 49. Qxb6+ Kxb6 50. Ka2 Re4 51. b4 Nc4 52. Kb3 Ne5 53. Ka4 Rxh4 54. Rc5 Nc6 55. Rg5 Rh3 56. Rg6 a6 57. Rh6 h4 58.
Rh5 Rc3 59. b5 axb5+ 60. Rxb5+ Ka6 61. Rh5 b5+ 62. Rxb5 Rc4+ 63. Rb4 Nxb4 64. axb4 Rg4 65. Kb3 h3 0-1

[Event "*** Titled Tuesday Blitz"]
[Site "Chess.com"]
[Date "2019.06.04"]
[Round "4"]
[White "Grandelicious"]
[Black "Durarbayli"]
[Result "1/2-1/2"]
[WhiteElo "2748"]
[BlackElo "2755"]
[TimeControl "180+2"]
[EndTime "13:53:34 PDT"]
[Termination "Game drawn by repetition"]

1. e4 e6 2. d4 d5 3. Nd2 Nf6 4. e5 Nfd7 5. Bd3 c5 6. c3 Nc6 7. Ne2 f6 8. exf6 Qxf6 9. O-O Bd6 10. Nf3 O-O 11. Bg5 Qf7 12. Bh4 h6 13. Bg3 e5 14.
Bb5 cxd4 15. cxd4 e4 16. Nd2 Bxg3 17. Nxg3 Nxd4 18. Ba4 Nc5 19. Ndxe4 Nf3+ 20. gxf3 dxe4 21. Nxe4 Nxe4 22. fxe4 Qg6+ 23. Kh1 Qxe4+ 24. f3 Qf4 25. Bb3+ Kh8 26. Qc1 Qf6 27. Qc3 Qxc3 28. bxc3 Bd7 29. Kg2 Rac8 30. Rad1 Bb5 31. c4 Bxc4 32. Bxc4 Rxc4 33.
Rd7 Ra4 34. Rf2 b6 35. Re2 Rf6 36. h4 Rxh4 37. Rxa7 Rg6+ 38. Kf2 Rh2+ 39. Ke1 Rxe2+ 40. Kxe2 h5 41. Kf2 Kh7 42. a4 h4 43. a5 bxa5 44.
Rxa5 Kh6 45. Ra8 Rg3 46. Ra4 Kh5 47. Ra8 Rg6 48. Rh8+ Rh6 49. Ra8 Rb6 50. Kg2 Rb2+ 51. Kh3 Rb3 52. Rf8 g5 53. Rh8+ Kg6 54. Rf8 Rb1 55. Ra8 Rg1 56. Kh2 Rg3 57. Rf8 Kg7 58. Rf5 Kh6 59. Rf8 Kg6 60. Kh1 Kh5 61. Kh2 Kh6 62.
Rf7 Kg6 63. Rf8 Kg7 64. Rf5 Kh7 65. Rf7+ Kg6 66. Rf8 1/2-1/2

[Event "*** Titled Tuesday Blitz"]
[Site "Chess.com"]
[Date "2019.06.04"]
[Round "4"]
[White "BlackBoarder"]
[Black "m3alam"]
[Result "1/2-1/2"]
[WhiteElo "2532"]
[BlackElo "2356"]
[TimeControl "180+2"]
[EndTime "13:53:35 PDT"]
[Termination "Game drawn by stalemate"]

1. e4 c6 2. Nf3 d5 3. Nc3 dxe4 4. Nxe4 Nf6 5. Nxf6+ exf6 6. Bc4 b5 7. Bb3 Qe7+ 8.
Qe2 Qxe2+ 9. Kxe2 Bd6 10. Re1 O-O 11. d4 Re8+ 12. Be3 Nd7 13. Kd2 Nb6 14. c3 a5 15. a3 a4 16. Ba2 Rb8 17. Re2 Bg4 18. h3 Bh5 19. Rae1 Bg6 20. Kc1 Bd3 21. Rd2 Bc4 22. Bb1 Nd5 23. Bc2 Nxe3 24. fxe3 Bg3 25. Red1 Rxe3 26. Bd3 Bd5 27. Re2 Rxe2 28. Bxe2 Re8 29.
Bd3 Re3 30. Kc2 Bb3+ 31. Kd2 Rxd3+ 32. Kxd3 Bxd1 33. Nd2 f5 34. c4 Bf4 35. Nb1 Bc1 36.
Nc3 Bb3 37. cxb5 cxb5 38. Nxb5 Bxb2 39. g3 Kf8 40. Nd6 g6 41. Nc4 Bxc4+ 42. Kxc4 Bxa3 43. Kb5 Bd6 44. Kxa4 Bxg3 45. Kb5 f4 46. Kc4 f3 47. Kd3 Ke7 48. Ke3 f2 49. Ke2 Kd6 50. Kf1 Kd5 51.
Kg2 Kxd4 52. h4 Ke3 53. h5 Ke2 54. hxg6 hxg6 55. Kxg3 f1=Q 56. Kg4 Qf5+ 57. Kg3 Qf3+ 58. Kh4 Kf2 59. Kg5 Qf5+ 60. Kh6 g5 61. Kh5 g4+ 62. Kh4 g3 1/2-1/2

[Event "*** Titled Tuesday Blitz"]
[Site "Chess.com"]
[Date "2019.06.04"]
[Round "4"]
[White "vladimirdamjanovic"]
[Black "witcher8"]
[Result "0-1"]
[WhiteElo "2486"]
[BlackElo "2362"]
[TimeControl "180+2"]
[EndTime "13:53:36 PDT"]
[Termination "witcher8 won by checkmate"]

1. e4 c6 2. d4 d5 3. e5 Bf5 4. c4 dxc4 5. Bxc4 e6 6. Nc3 Nd7 7. Nge2 Nb6 8. Bb3 Ne7 9. O-O Ned5 10. Ng3 Bg6 11. f4 Qd7 12. Qf3 O-O-O 13. a4 Ne7 14.
Be3 Nf5 15. Nxf5 Bxf5 16. Rfc1 Kb8 17. a5 Nd5 18. Bf2 Nb4 19. Ne4 h5 20. h3 h4 21.
Rc4 Be7 22. Rac1 Bxe4 23. Qxe4 Qd5 24. Qe2 Qxa5 25. Be1 Qb6 26. Bf2 Nd5 27. Qf3 g5 28.
fxg5 Bxg5 29. Rd1 Be3 30. Bxe3 Qxb3 31. Rc3 Nxc3 32. bxc3 Qxc3 33. Qf2 Rd5 34. Rc1 Qd3 35. Re1 Rg8 36. Qxf7 Qg6 37. Qf3 Qg3 38. Rf1 Qxf3 39. Rxf3 a5 40. Bf2 a4 41. Rd3 b5 42. Bxh4 c5 43. Bf2 cxd4 44. g4 Rc8 45. g5 Rc3 46. Rxd4 Rxd4 47. Bxd4 Rg3+ 48. Kf2 Rxg5 49. h4 Rg4 50.
Bc5 Rxh4 51. Ke3 b4 52. Kd3 a3 53. Kc2 a2 54. Kb2 Rh2+ 55. Ka1 b3 56. Bd4 Kb7 57.
Bc3 Rh1+ 58. Kb2 a1=Q+ 59. Kxb3 Rh3 60. Kc4 Qxc3+ 61. Kb5 Qc6+ 62. Kb4 Rh4+ 63. Kb3 Rc4 64. Kb2 Qb5+ 65. Ka3 Ra4# 0-1

[Event "*** Titled Tuesday Blitz"]
[Site "Chess.com"]
[Date "2019.06.04"]
[Round "4"]
[White "VeraNebolsina"]
[Black "WPWPWP-2015"]
[Result "1/2-1/2"]
[WhiteElo "2364"]
[BlackElo "2444"]
[TimeControl "180+2"]
[EndTime "13:53:37 PDT"]
[Termination "Game drawn by repetition"]

1. e4 e5 2. Nf3 Nc6 3. Bb5 Nf6 4.
O-O Nxe4 5. Re1 Nd6 6. Nxe5 Be7 7. Bf1 Nf5 8. c3 O-O 9. d4 Nxe5 10. Rxe5 d6 11.
Re1 d5 12. Nd2 Nh4 13. g3 Ng6 14. Nf3 Re8 15. Qb3 c6 16. h4 h6 17. Bd2 Bg4 18. Ne5 Nxe5 19. dxe5 b5 20. a4 a6 21. Be3 Qd7 22. Qc2 Bf5 23. Bd3 Bxd3 24. Qxd3 Qg4 25. Qd4 Qf3 26. Qf4 Qh5 27. b4 Bf8 28. Bd4 Qg6 29.
Qf3 h5 30. Re2 Qe6 31. Rea2 Rad8 32. Qxh5 g6 33. Qf3 Bg7 34. axb5 axb5 35. Ra7 Rd7 36. R1a6 Rxa7 37. Rxa7 Re7 38. Ra8+ Re8 39. Ra7 Re7 40. Ra6 Qc8 41. Ra7 Rxa7 42. Bxa7 Bxe5 43. Bd4 Qe6 44. Qe3 Bxd4 45. cxd4 Qd6 46. Qe8+ Kg7 47. Qe5+ Qxe5 48. dxe5 Kf8 49. Kf1 Ke7 50. Ke2 Ke6 51. f4 Kf5 52. Kf3 Ke6 53. g4 f6 54.
exf6 Kxf6 55. Ke3 Ke6 56. Kd4 Kf6 57. Kc5 Ke6 58. Kd4 Kf7 59. Kc5 Kf6 60. Kd4 Ke6 61. Kc5 Ke7 62. Kd4 Kf6 63. Kc5 Ke6 64. Kd4 1/2-1/2

[Event "*** Titled Tuesday Blitz"]
[Site "Chess.com"]
[Date "2019.06.04"]
[Round "4"]
[White "Zq1"]
[Black "Koksal06"]
[Result "1-0"]
[WhiteElo "2511"]
[BlackElo "2472"]
[TimeControl "180+2"]
[EndTime "13:53:41 PDT"]
[Termination "Zq1 won by resignation"]

1. d4 d5 2. c4 c6 3. cxd5 cxd5 4. Bg5 Nc6 5. Nc3 h6 6. Bh4 g5 7. Bg3 Bg7 8. e3 e6 9. Bd3 Nge7 10. Nge2 Bd7 11.
h4 Qb6 12. a3 Na5 13. b4 Nc4 14. Na4 Qc6 15. Nc5 b6 16. Nxd7 Qxd7 17. hxg5 hxg5 18. Rxh8+ Bxh8 19. Bxc4 dxc4 20. Nc3 Nd5 21. Qh5 Bf6 22. Ne4 O-O-O 23. Nxf6 Nxf6 24. Qxg5 Ne4 25. Qe5 Nxg3 26. Qxg3 Qa4 27. Qf3 Rd7 28. Qd1 Qc6 29. Qf3 Qa4 30.
Rc1 Rc7 31. Rc3 Kb8 32. Qd1 Qc6 33. f3 b5 34. Kf2 Qd5 35. Qh1 Kb7 36. Qh2 Re7 37.
Qf4 e5 38. Qf6 Re8 39. Rc2 exd4 40. Qxd4 Qxd4 41. exd4 Kc6 42. Re2 Rc8 43. Re5 Kb6 44. Rc5 Re8 45. g4 a5 46. g5 axb4 47. axb4 Rd8 48.
Ke3 Re8+ 49. Kd2 Rd8 50. Kc3 Re8 51. Rf5 Re3+ 52. Kc2 Re2+ 53. Kd1 Rg2 54. Rf6+ Kc7 55. Rxf7+ Kd6 56. Rf6+ Kd5 57. Rf5+ Kxd4 58. Rxb5 Ke3 59. Re5+ Kd3 60. Rd5+ Ke3 61. b5 Kxf3 62. b6 Rb2 63. Rd6 c3 64. g6 Ke3 65. g7 Rg2 66. b7 1-0

[Event "*** Titled Tuesday Blitz"]
[Site "Chess.com"]
[Date "2019.06.04"]
[Round "4"]
[White "Polish_fighter3000"]
[Black "Michael_Scofield01"]
[Result "1-0"]
[WhiteElo "3007"]
[BlackElo "2733"]
[TimeControl "180+2"]
[EndTime "13:53:42 PDT"]
[Termination "Polish_fighter3000 won by resignation"]

1. e4 e5 2. Nf3 Nc6 3. Bc4 Bc5 4. c3 Nf6 5. d3 d6 6. O-O O-O 7. Bg5 h6 8. Bh4 Bb6 9. Nbd2 Ne7 10. Bxf6 gxf6 11. Nh4 Kg7 12. Qh5 Ng6 13. Nf5+ Bxf5 14. exf5 Ne7 15. d4 d5 16. Bd3 e4 17. Be2 Qd7 18. Bg4 c6 19. Rae1 Rae8 20. f3 exf3 21. Nxf3 Ng8 22. Rd1 Re4 23. Kh1 Bc7 24. Nd2 Re3 25.
Bf3 Ne7 26. Qg4+ Kh8 27. Qh4 Kg7 28. Bh5 Qd6 29. c4 b6 30. cxd5 cxd5 31. Nb3 Bb8 32. Nc1 Re4 33. Qh3 Nc6 34. Rd3 Nxd4 35. Rg3+ Kh7 36. Nb3 Nxb3 37. axb3 Rg8 38. Rd3 d4 39. Bxf7 Rg5 40. Bg6+ Kg7 41. g3 Re3 42. Rd2 Rexg3 43. hxg3 Rxg3 44. Qh2 Qd5+ 45. Rg2 Rg4 46. Qh3 Rg3 47.
Bh5 Kh8 48. Qh2 Kh7 49. Rg1 Rg5 50. Qh3 Rg3 51. Qh4 Rg5 52. Bg6+ Kg7 53. Qe1 Rg3 54.
Qe7+ Kg8 55. Qe8+ Kg7 56. Qe7+ Kg8 57. Bf7+ Kh8 58. Qf8+ Kh7 59. Bg6+ 1-0

[Event "*** Titled Tuesday Blitz"]
[Site "Chess.com"]
[Date "2019.06.04"]
[Round "4"]
[White "Thjop"]
[Black "SaraciNderim"]
[Result "1/2-1/2"]
[WhiteElo "2594"]
[BlackElo "2862"]
[TimeControl "180+2"]
[EndTime "13:53:45 PDT"]
[Termination "Game drawn by repetition"]

1. e4 e5 2. Nf3 Nc6 3. Bb5 a6 4. Ba4 Nf6 5. O-O Be7 6. d3 b5 7. Bb3 d6 8. a3 O-O 9. Nc3 Bg4 10.
Be3 Nd4 11. Bxd4 exd4 12. Nd5 c6 13. Nxf6+ Bxf6 14. h3 Be6 15. Bxe6 fxe6 16. a4 Qb6 17. b3 Qc5 18. Qe2 e5 19. Ra2 b4 20. Raa1 Rae8 21. Rae1 h6 22. Nh2 Bg5 23. g3 d5 24. h4 Bd8 25.
Kg2 Qd6 26. Qg4 Rf6 27. Re2 Ref8 28. Qh5 Bc7 29. Ng4 Re6 30. Nh2 Kh7 31. Rfe1 Qd7 32. Ng4 Kg8 33. Kg1 Rfe8 34. Qf5 Qe7 35. Qf3 Rf8 36.
Qg2 h5 37. Nh2 Qc5 38. Nf3 dxe4 39. Ng5 Rh6 40. Nxe4 Qd5 41. Ng5 Qxg2+ 42. Kxg2 Rhf6 43. Ne4 Rg6 44. Nc5 a5 45. Nd7 Re8 46. Nxe5 Rge6 47. f4 g6 48. Kf3 Kg7 49. Nc4 Rxe2 50. Rxe2 Rxe2 51. Kxe2 Kf6 52. Kf3 Kf5 53. Nd2 Bd6 54.
Ne4 Be7 55. Nf2 Bf6 56. Nh3 Be7 57. Ng5 Bf6 58. Nf7 Ke6 59. Ng5+ Kf5 60. Ne4 Be7 61. Nf2 Bf6 62. Ne4 Be7 1/2-1/2

[Event "*** Titled Tuesday Blitz"]
[Site "Chess.com"]
[Date "2019.06.04"]
[Round "4"]
[White "Karacsonyi_Gellert"]
[Black "Zarikovs1999"]
[Result "1-0"]
[WhiteElo "2548"]
[BlackElo "2635"]
[TimeControl "180+2"]
[EndTime "13:53:46 PDT"]
[Termination "Karacsonyi_Gellert won on time"]

1. e4 c5 2. Nf3 Nc6 3. d4 cxd4 4. Nxd4 Nf6 5. Nc3 e5 6. Nf5 d5 7. exd5 Bxf5 8. dxc6 Qxd1+ 9. Nxd1 bxc6 10. Ne3 Bg6 11. Bc4 Bc5 12. Bb3 O-O-O 13. Bd2 Ne4 14. Ba5 Bb6 15.
Bxb6 axb6 16. O-O Kc7 17. Rfd1 Nc5 18. Kf1 f5 19. f3 e4 20. f4 Bh5 21. Rxd8 Rxd8 22. Nxf5 Rf8 23. Nxg7 Rxf4+ 24. Kg1 Bg6 25. Ne6+ Nxe6 26. Bxe6 e3 27. Re1 Re4 28. Bb3 Kd6 29.
c3 Re7 30. Bd1 Bb1 31. a3 Bd3 32. Be2 Bxe2 33. Rxe2 Kd5 34. Kf1 Ke4 35. Ke1 Kd3 36.
Kd1 Rf7 37. Ke1 h5 38. c4 c5 39. b4 cxb4 40. axb4 Ra7 41. Kf1 Rc7 42. c5 bxc5 43. bxc5 Rxc5 44. g3 Ra5 45. h3 Rb5 46. Re1 Rf5+ 47. Kg2 Kd2 48. Ra1 Rf2+ 49. Kg1 Kd3 50.
Ra4 Rc2 51. g4 e2 52. Kf2 Kd2 53. Re4 Kd3 54. Re3+ Kd4 55. Re8 Kd3 56. gxh5 e1=Q+ 57. Kxe1 Rh2 58. Rh8 Rxh3 59. h6 Ke3 60. Kd1 Kf2 61. h7 1-0

[Event "*** Titled Tuesday Blitz"]
[Site "Chess.com"]
[Date "2019.06.04"]
[Round "4"]
[White "KazakhFighter04"]
[Black "wonderfultime"]
[Result "0-1"]
[WhiteElo "2626"]
[BlackElo "3017"]
[TimeControl "180+2"]
[EndTime "13:53:48 PDT"]
[Termination "wonderfultime won by checkmate"]

1. e4 c5 2. Nf3 Nf6 3. e5 Nd5 4.
Nc3 e6 5. Nxd5 exd5 6. d4 Nc6 7. dxc5 Bxc5 8. Qxd5 d6 9. exd6 Qb6 10. Qe4+ Be6 11.
Qh4 Bxd6 12. Be2 Nb4 13. Bd1 Rc8 14. O-O O-O 15. c3 Nd5 16. Bc2 Nf6 17. Ng5 g6 18. Nxe6 fxe6 19. Bb3 Kh8 20. Bh6 Rf7 21. Rae1 Nd5 22. Rxe6 Bxh2+ 23. Kxh2 Qxe6 24. Qd4+ Qf6 25. Qxf6+ Nxf6 26. Bxf7 Ng4+ 27. Kg3 Nxh6 28. Bd5 Rc7 29. Be4 Kg7 30. Rd1 Nf7 31. f4 b6 32. Kf3 g5 33.
g3 h6 34. Rd5 Re7 35. a4 Kf6 36. a5 Kg7 37. a6 Kf6 38. c4 Rc7 39. b3 Kg7 40.
Ke3 Kf6 41. Kd4 Re7 42. b4 Rc7 43. c5 bxc5+ 44. bxc5 gxf4 45. gxf4 Ke7 46. Kc4 Rc6 47. Kb5 Rf6 48. Bf5 Ke8 49. c6 Rxf5 50. Rxf5 Nd6+ 51. Kc5 Nxf5 52. Kd5 Kd8 53. Ke6 Nd4+ 54. Kd5 Nb5 55. f5 Ke7 56. Ke5 h5 57. f6+ Kf7 58. Kf5 h4 59.
Kg4 Kxf6 60. Kxh4 Ke6 61. Kg4 Kd6 62. Kf4 Kxc6 63. Ke3 Kb6 64. Kd2 Kxa6 65. Kc2 Kb6 66. Kb3 Kc5 67. Ka4 Kb6 68. Kb4 a5+ 69. Ka4 Nc7 70. Kb3 Kb5 71. Ka3 a4 72. Kb2 Kb4 73.
Ka2 a3 74. Kb1 Kb3 75. Ka1 Nd5 76. Kb1 Nb4 77. Ka1 Nc2+ 78. Kb1 a2+ 79. Kc1 a1=Q+ 80.
Kd2 Qe1+ 81. Kd3 Qe3# 0-1

[Event "*** Titled Tuesday Blitz"]
[Site "Chess.com"]
[Date "2019.06.04"]
[Round "4"]
[White "Zubrrr"]
[Black "lachesisQ"]
[Result "1-0"]
[WhiteElo "2727"]
[BlackElo "3067"]
[TimeControl "180+2"]
[EndTime "13:53:49 PDT"]
[Termination "Zubrrr won by resignation"]

1. c4 e5 2. g3 Nc6 3. Bg2 h5 4.
h3 Bc5 5. Nc3 d6 6. e3 Be6 7. d3 Nge7 8. Nge2 d5 9. d4 exd4 10.
exd4 Bb4 11. O-O Bxc3 12. bxc3 Qd7 13. Nf4 O-O-O 14. Re1 dxc4 15. Nxe6 fxe6 16. Qe2 Nd5 17. Qxc4 h4 18. g4 Qd6 19. Rb1 Rdf8 20. Re2 Na5 21.
Qd3 a6 22. Bd2 Nf4 23. Bxf4 Rxf4 24. Rbe1 Re8 25. Qg6 Qf8 26. Rxe6 Rxe6 27. Rxe6 Kd7 28. Re5 Rf6 29. Qc2 Nc6 30. Rc5 Qe7 31. Qd2 Re6 32.
d5 Re1+ 33. Kh2 Qd6+ 34. f4 Nd8 35. Qxe1 Qxc5 36. Qxh4 Qxc3 37. Qg5 b5 38. Qf5+ Kd6 39. h4 b4 40. h5 a5 41. g5 a4 42. h6 gxh6 43. gxh6 b3 44. axb3 axb3 45. h7 b2 46. Qe5+ Qxe5 47. fxe5+ Kc5 48. h8=Q b1=Q 49. Qxd8 Qh7+ 50. Kg3 Qg6+ 51. Kh3 Qd3+ 52. Kg4 Qe2+ 53. Bf3 Qxe5 54. Qf8+ Kb5 55. Qf5 Qd4+ 56. Qe4 Qg7+ 57. Kf4 Qh6+ 58. Kg3 Qg5+ 59. Kf2 Qg7 60. Ke2 Qb2+ 61.
Ke3 Qc1+ 62. Kf2 Qh6 63. Qd3+ Ka5 64. Qc3+ Kb5 65. Qc6+ Qxc6 66. dxc6 1-0

[Event "*** Titled Tuesday Blitz"]
[Site "Chess.com"]
[Date "2019.06.04"]
[Round "4"]
[White "KhazarBabazada"]
[Black "SanchezKelvin"]
[Result "1-0"]
[WhiteElo "2605"]
[BlackElo "2448"]
[TimeControl "180+2"]
[EndTime "13:53:50 PDT"]
[Termination "KhazarBabazada won by resignation"]

1. e4 c5 2. Nf3 d6 3. d4 cxd4 4. Nxd4 Nf6 5. Nc3 g6 6. g3 Nc6 7.
Bg2 Nxd4 8. Qxd4 Bg7 9. O-O O-O 10. Qd3 Be6 11. Be3 Nd7 12. f4 Rc8 13. Qd2 Qa5 14.
Nd5 Qxd2 15. Nxe7+ Kh8 16. Bxd2 Rxc2 17. Be3 Re8 18.
f5 Bc4 19. Rfc1 Rxc1+ 20. Rxc1 Bxa2 21. Rc7 Rxe7 22. Rc8+ Bf8 23. f6 Nxf6 24. Rxf8+ Kg7 25. Ra8 Nxe4 26. Bd4+ f6 27. Rxa7 Bd5 28. b4 Kf7 29.
b5 f5 30. h4 Rc7 31. Ra1 Rc2 32. Bf3 Ke6 33. Re1 Rc4 34. Bf2 Rc3 35. Bg2 Rb3 36. b6 Bc6 37. Be3 d5 38. Bf4 d4 39.
g4 Bd5 40. gxf5+ gxf5 41. Rc1 Rc3 42. Rd1 d3 43. Bf1 Bc4 44. Be3 Kd5 45. h5 Rb3 46.
h6 Nf6 47. Bh3 Ng4 48. Bg2+ Kd6 49. Bf4+ Kc5 50. Bf3 Rxb6 51. Bxg4 fxg4 52. Be3+ Kc6 53. Bxb6 Kxb6 54. Kf2 Kc5 55. Ke3 b5 56. Rg1 Kb4 57.
Rxg4 Kc3 58. Rg1 Kc2 59. Rg2+ Kc3 60. Rg1 Kc2 61. Rg2+ Kc3 62. Rg7 Kc2 63. Rxh7 d2 64. Rd7 1-0

[Event "*** Titled Tuesday Blitz"]
[Site "Chess.com"]
[Date "2019.06.04"]
[Round "4"]
[White "spicycaterpillar"]
[Black "Cryptochess"]
[Result "1-0"]
[WhiteElo "2834"]
[BlackElo "2652"]
[TimeControl "180+2"]
[EndTime "13:53:55 PDT"]
[Termination "spicycaterpillar won by resignation"]

1. c4 e6 2. Nc3 d5 3. d4 Nf6 4.
cxd5 exd5 5. Bg5 Be7 6. e3 O-O 7. Bd3 Nbd7 8. Nge2 Re8 9. O-O Nf8 10. Qc2 Be6 11. Nf4 h6 12. Bh4 c6 13. Rab1 a5 14.
a3 Qd7 15. Na4 Qc7 16. Nc5 Bxc5 17. dxc5 Ne4 18. f3 g5 19. fxe4 gxh4 20. Nh5 Nd7 21.
Qc3 Qe5 22. Nf6+ Kg7 23. Nxe8+ Rxe8 24. Rbc1 dxe4 25. Bxe4 h3 26. g3 Bg4 27. Bf3 Bxf3 28. Rxf3 Qxc3 29. Rxc3 Re5 30. b4 axb4 31. axb4 Nf6 32. Rd3 Nd5 33. g4 Nxb4 34. Rd7 Rxc5 35. Rdxf7+ Kg6 36. Rxb7 Nd5 37. Rxh3 Rc1+ 38. Kg2 Rc2+ 39.
Kf3 Rc3 40. Ke4 Nf6+ 41. Kd4 Rc1 42. e4 Rd1+ 43. Rd3 Re1 44. Re3 Rd1+ 45. Kc3 Nxg4 46. Rg3 Kh5 47. Rg7 Nf2 48. Kc2 Rd4 49. Rf3 Rc4+ 50. Kb3 Rxe4 51. Rxf2 Re3+ 52. Kc4 Re4+ 53. Kd3 Re5 54. Rg3 Kh4 55. Rf4+ Kh5 56. Re4 Rc5 57. Rc4 Rd5+ 58. Kc3 c5 59. Rd3 Rg5 60. Kb3 Rg2 61. h3 Rg5 62. Ka4 Rf5 63. Kb5 Kg6 64. Rxc5 Rf1 65.
Rd6+ Kf7 66. Rc7+ Ke8 67. Rh7 Rb1+ 68. Kc4 Rc1+ 69. Kb3 Rh1 70. Rd3 Rb1+ 71. Kc2 Rb6 72. Rc3 Kd8 73. Rb3 Rc6+ 74. Kd2 Kc8 75. Rc3 1-0

[Event "*** Titled Tuesday Blitz"]
[Site "Chess.com"]
[Date "2019.06.04"]
[Round "4"]
[White "LazovT"]
[Black "VladDobrov"]
[Result "1/2-1/2"]
[WhiteElo "2592"]
[BlackElo "2827"]
[TimeControl "180+2"]
[EndTime "13:53:56 PDT"]
[Termination "Game drawn - insufficient material"]

1. e4 c5 2. Nf3 Nc6 3. Bb5 d6 4. Bxc6+ bxc6 5. O-O Bg4 6. h3 Bh5 7. e5 e6 8. exd6 Bxd6 9. Nc3 Ne7 10. d3 f6 11. Ne4 e5 12. Ng3 Bf7 13. Nd2 O-O 14. Nc4 Nd5 15. Nf5 Bc7 16. Qg4 Bg6 17. h4 Rf7 18. h5 Bxf5 19. Qxf5 Qd7 20. Qxd7 Rxd7 21.
Be3 Nxe3 22. fxe3 Kf7 23. e4 Ke6 24. Rf3 Rf7 25. Raf1 Rb8 26. g4 Rbf8 27. Kg2 g6 28. hxg6 hxg6 29. Rh3 Rg7 30. Rh6 Kd7 31. Rf3 f5 32.
Kh3 f4 33. g5 Ke6 34. Kg4 Rff7 35. Rfh3 Kd7 36. Rh8 Re7 37. a4 Ref7 38. a5 Ke6 39. Re8+ Re7 40. Ra8 Bd6 41. Rhh8 Rgf7 42. Kf3 Rh7 43. Kg4 Rxh8 44. Rxh8 Rf7 45. Re8+ Kd7 46. Ra8 Ke6 47. Rg8 f3 48. Rxg6+ Ke7 49. Rf6 f2 50.
Rxf7+ Kxf7 51. Ne3 c4 52. dxc4 Bb4 53. a6 Bd2 54. Nf1 Bc1 55. b4 Kg6 56. b5 cxb5 57. cxb5 Ba3 58. b6 Bc5 59. bxa7 Bxa7 60. Ng3 Bb6 61.
c4 Ba7 62. Kf3 Kxg5 63. Nf1 Kh4 64. Kg2 Kg4 65. Ng3 Kf4 66. Nh1 Kxe4 67. Nxf2+ Kd4 68. Ng4 e4 69. Kf1 Kxc4 70. Ke2 Bd4 71. Nf6 e3 72. Ng4 Kb5 73. Nxe3 Kxa6 1/2-1/2

[Event "*** Titled Tuesday Blitz"]
[Site "Chess.com"]
[Date "2019.06.04"]
[Round "4"]
[White "volcanoexplorer"]
[Black "Indianlad"]
[Result "1-0"]
[WhiteElo "2605"]
[BlackElo "2863"]
[TimeControl "180+2"]
[EndTime "13:53:57 PDT"]
[Termination "volcanoexplorer won by resignation"]

1. e4 c5 2. Nf3 d6 3. d4 cxd4 4. Nxd4 Nf6 5. Nc3 a6 6. h3 e5 7. Nde2 h5 8. g3 Nbd7 9. a4 b6 10. Bg2 Bb7 11. O-O Rc8 12. Be3 Be7 13. b3 Nc5 14. f3 d5 15. exd5 Nxd5 16. Nxd5 Bxd5 17. c4 Bc6 18. Qc2 O-O 19. Rad1 Qc7 20. Nc3 Rfd8 21. f4 Bxg2 22. Qxg2 Rxd1 23. Rxd1 exf4 24. Nd5 Qe5 25. Bxf4 Qe6 26. Qf3 Ne4 27. Kg2 Bc5 28. Re1 f5 29.
Qxh5 b5 30. g4 bxc4 31. bxc4 Rf8 32. gxf5 Rxf5 33. Qg4 Bf2 34. Re2 Bc5 35. Bg3 Qf7 36. Qxe4 Kh7 37. Ne3 Bxe3 38. Rxe3 Kh6 39. Qh4+ Kg6 40.
Qg4+ Kh7 41. Qe4 Kh6 42. h4 Qg6 43. Qe6 Rf6 44. Qe5 Qc2+ 45. Re2 Qxa4 46. Qe3+ Kh7 47. Qe4+ Kh6 48. Bf4+ Kh5 49. Qf3+ Kg6 50. Qe4+ Kh5 51. Qe5+ Kg6 52. h5+ Kh7 53. Qe4+ Kg8 54. Qe8+ Qxe8 55. Rxe8+ Kf7 56. Re4 Rf5 57. h6 gxh6 58. Bxh6 a5 59.
Bd2 a4 60. Bb4 Rf6 61. c5 Rf5 62. Kg3 Kg6 63. Rg4+ Kh6 64. c6 Rf7 65. Rc4 Rc7 66.
Bd6 Rc8 67. c7 Kg6 68. Rxa4 Kf5 69. Rb4 Ke6 70. Rb8 Kd7 71. Rxc8 Kxc8 1-0